 Dungeon Crawl Stone Soup version 0.28.0-45-g0d030f2227 (webtiles) character file.

Game seed: 7518471883776134578

2392 protoss039 the Skirmisher (level 9, -5/71 HPs)
             Began as a Demonspawn Earth Elementalist on May 23, 2022.
             Was a Follower of Vehumet.
             Slain by a cyclops (25 damage)
             ... on level 7 of the Dungeon.
             The game lasted 00:11:35 (8260 turns).

protoss039 the Skirmisher (DsEE)                    Turns: 8260, Time: 00:11:36

Health: -5/71      AC:  9    Str:  9    XL:     9   Next: 22%
Magic:  0/16       EV: 15    Int: 20    God:    Vehumet [*.....]
Gold:   226        SH:  0    Dex: 14    Spells: 11/17 levels left

rFire   + . .      SeeInvis .   E - +9 flail of the Twisting Messenger {vorpal, rElec rF+ Will+}
rCold   . . .      Faith    .   (no shield)
rNeg    . . .      Spirit   .   u - +0 leather armour
rPois   .          Reflect  .   n - +0 helmet
rElec   +          Harm     .   z - +0 cloak
rCorr   .          Rampage  .   (no gloves)
Will    +....                   (no boots)
Stlth   ++........              (no amulet)
HPRegen 0.21/turn               d - +4 ring of evasion
MPRegen 0.15/turn               o - ring of flight

@: flying
A: claws 1, slimy green scales 2, foul stench 1
a: Renounce Religion


You were on level 7 of the Dungeon.
You worshipped Vehumet.
Vehumet was aware of your devotion.
You visited 2 branches of the dungeon, and saw 8 of its levels.
You also visited: Ossuary.

You collected 226 gold pieces.

Inventory:

Hand Weapons
 E - the +9 flail of the Twisting Messenger (weapon) {vorpal, rElec rF+ Will+}
   (You found it on level 7 of the Dungeon)

   It inflicts extra damage upon your enemies.
   rF:        It protects you from fire.
   rElec:     It insulates you from electricity.
   Will:      It increases your willpower.
Missiles
 c - 102 stones
Armour
 n - a +0 helmet (worn)
 u - a +0 leather armour (worn)
 z - a +0 cloak (worn)
 A - a +4 scale mail
Jewellery
 d - a +4 ring of evasion (left claw)
 o - a ring of flight (right claw)
Wands
 y - a wand of flame (27)
 B - a wand of charming (9)
 C - a wand of iceblast (4)
Scrolls
 a - 2 scrolls of amnesia {unknown}
 b - 2 scrolls of fear
 e - a scroll of holy word {unknown}
 f - a scroll of blinking {unknown}
 h - a scroll of vulnerability {unknown}
 i - a scroll of identify
 j - 2 scrolls of teleportation
 m - 2 scrolls of immolation
 s - 4 scrolls of enchant armour
Potions
 g - 3 potions of heal wounds
 k - 3 potions of curing
 l - 4 potions of mutation
 r - a potion of berserk rage {unknown}
 t - 4 potions of brilliance {unknown}
 v - 2 potions of lignification {unknown}
 w - a potion of cancellation {unknown}
 x - 2 potions of ambrosia {unknown}
 D - a potion of might {unknown}


   Skills:
 * Level 6.7 Fighting
 * Level 4.7 Armour
 - Level 1.7 Dodging
 - Level 1.7 Stealth
 + Level 4.7 Spellcasting
 * Level 5.3 Conjurations
 - Level 1.0 Transmutations
 + Level 5.2 Earth Magic


You had 11 spell levels left.
You knew the following spells:

 Your Spells              Type           Power      Damage    Failure   Level
a - Sandblast             Erth           50%        2d12      1%          1
b - Passwall              Tmut/Erth      14%        N/A       7%          2
c - Stone Arrow           Conj/Erth      50%        3d10      5%          3

Your spell library contained the following spells:

 Spells                   Type           Power      Damage    Failure   Level
 Foxfire                  Conj/Fire      60%        2x1d7     5%          1
 Petrify                  Tmut/Erth      17%        N/A       41%         4


Dungeon Overview and Level Annotations

Branches:
Dungeon (7/15)             Temple (1/1) D:4         Ossuary (visited)

Altars:
Dithmenos
Fedhas
Gozag
Hepliaklqana
Kikubaaqudgha
Makhleb
Okawaru
Ru
Sif Muna
Uskayaw
Vehumet
Wu Jian
Zin

Annotations:
D:6 Duvessa


Innate Abilities, Weirdness & Mutations

You have sharp fingernails.
You are mostly covered in slimy green scales. (AC +3)
You may rarely emit foul miasma when damaged in melee.


Message History

Aiming: Stone Arrow (dangerous; 5% risk of failure)
Press: ? - help, Shift-Dir - straight line, f/p - vampire mosquito
Aim: a vampire mosquito (heavily damaged, 53% to hit)
The stone arrow hits the vampire mosquito!
You destroy the vampire mosquito!
Vehumet accepts your kill.
Unknown command.
Casting: Stone Arrow (dangerous; 5% risk of failure)
Confirm with . or Enter, or press ? or * to list all spells.
You don't have enough magic to cast this spell.
Unknown command.
You sock the cyclops!
The cyclops is moderately wounded.
The cyclops hits you!
Unknown command.
You hit the cyclops.
The cyclops is moderately wounded.
The cyclops closely misses you.
Unknown command.
You hit the cyclops.
The cyclops is moderately wounded.
The cyclops barely misses you.
Unknown command.
Casting: Stone Arrow (dangerous; 5% risk of failure)
Confirm with . or Enter, or press ? or * to list all spells.
Aiming: Sandblast (safe; 1% risk of failure)
Press: ? - help, Shift-Dir - straight line, f - cyclops
Aim: a cyclops, quivering large rocks (moderately wounded, 98% to hit)
The blast of sand hits the cyclops!
The cyclops is severely wounded.
The cyclops hits you.
* * * LOW HITPOINT WARNING * * *
Unknown command.
Casting: Sandblast (safe; 1% risk of failure)
Confirm with . or Enter, or press ? or * to list all spells.
You don't have enough magic to cast this spell.
You hit the cyclops.
The cyclops is severely wounded.
The cyclops hits you!!
You die...

#.......##..###.##§§≈≈≈≈≈
#......)....).[..#§.§..§≈
#.......###..##.##≈.≈.≈.§
#.......# ##.##..'..[≈[§≈
#.......# #.##.##≈.≈.§.≈
#.......# #..#.##≈..§..≈
#####.### ##.#.##≈≈≈≈≈≈≈
#..##### .#+#########
##..@..# .. ####C## .. †#
#. ##


You could see a cyclops.

Vanquished Creatures
  A troll (D:7)
  A hornet (D:7)
  A basilisk (D:7)
  A vampire mosquito (D:7)
  Menkaure (D:4)
  A water moccasin (D:5)
  An orc warrior (D:7)
  A sky beast (D:6)
  An ogre (D:4)
  2 centaurs (D:6)
  A necrophage (D:5)
  A kobold brigand (D:6)
  A bullfrog (D:6)
  A wyvern zombie (D:5)
  2 water moccasin skeletons (D:5)
  Dowan (D:7)
  2 human zombies (Ossuary)
  A centaur zombie (D:5)
  Crazy Yiuf (D:4)
  A centaur skeleton (D:4)
  A hound (D:6)
  3 orc wizards
  3 iguanas
  Ijyb (D:4)
  A killer bee zombie (D:5)
  2 hound skeletons
  4 mummies (Ossuary)
  A howler monkey skeleton (D:6)
  8 adders
  A white imp (D:5)
  2 worms
  2 dart slugs (D:4)
  13 orcs
  5 bats
  2 endoplasms
  14 giant cockroaches
  8 goblins
  5 hobgoblins
  8 kobolds
  5 quokkas
  8 ball pythons
  2 frilled lizards (D:1)
  A gnoll zombie (Ossuary)
  A hobgoblin zombie (Ossuary)
  2 kobold zombies (Ossuary)
  2 orc zombies (Ossuary)
  3 rats
131 creatures vanquished.

Vanquished Creatures (others)
  5 fungi (D:4)
  3 plants (D:5)
8 creatures vanquished.

Grand Total: 139 creatures vanquished

Notes
Turn   | Place    | Note
-------+----------+-------------------------------------------
     0 | D:1      | protoss039 the Demonspawn Earth Elementalist began the
                  | quest for the Orb.
     0 | D:1      | Reached XP level 1. HP: 13/13 MP: 3/3
    99 | D:1      | Reached skill level 1 in Transmutations
   761 | D:1      | Gained mutation: You may rarely emit foul miasma when
                  | damaged in melee. [demonic ancestry]
   761 | D:1      | Reached XP level 2. HP: 20/20 MP: 5/5
  1069 | D:1      | Reached skill level 1 in Fighting
  1705 | D:1      | Learned a level 2 spell: Passwall
  1947 | D:2      | Gained mutation: You are partially covered in slimy green
                  | scales. (AC +2) [demonic ancestry]
  1947 | D:2      | Reached XP level 3. HP: 23/26 MP: 4/6
  2217 | D:2      | Reached skill level 1 in Armour
  2876 | D:2      | Learned a level 3 spell: Stone Arrow
  2910 | D:3      | Reached skill level 2 in Fighting
  2949 | D:3      | Reached XP level 4. HP: 26/33 MP: 7/7
  3516 | D:3      | Found a faded altar of an unknown god.
  3724 | D:4      | Found a staircase to the Ecumenical Temple.
  3757 | Temple   | Entered the Ecumenical Temple
  3773 | Temple   | Became a worshipper of Vehumet
  3812 | D:4      | Reached XP level 5. HP: 30/40 MP: 4/9
  3876 | D:4      | Noticed an ogre
  3881 | D:4      | Killed an ogre
  3882 | D:4      | Reached skill level 3 in Fighting
  3894 | D:4      | Noticed Menkaure
  3903 | D:4      | Killed Menkaure
  3904 | D:4      | Reached XP level 6. HP: 24/48 MP: 1/10
  3993 | D:4      | Reached skill level 4 in Fighting
  4032 | D:4      | Found a sand-covered staircase.
  4043 | Ossuary  | Entered an ossuary
  4515 | Ossuary  | Reached skill level 1 in Conjurations
  4548 | D:4      | Noticed Ijyb
  4556 | D:4      | Killed Ijyb
  4557 | D:4      | Gained mutation: You are mostly covered in slimy green
                  | scales. (AC +3) [demonic ancestry]
  4557 | D:4      | Reached XP level 7. HP: 37/54 MP: 12/12
  5106 | D:4      | Found a runed translucent door.
  5107 | D:4      | Noticed Crazy Yiuf
  5118 | D:4      | Killed Crazy Yiuf
  5239 | D:5      | Entered Level 5 of the Dungeon
  5562 | D:5      | Reached * piety under Vehumet
  5562 | D:5      | Offered knowledge of Foxfire by Vehumet.
  5707 | D:5      | Reached skill level 5 in Fighting
  6018 | D:5      | Reached XP level 8. HP: 62/62 MP: 13/13
  7397 | D:6      | Reached skill level 6 in Fighting
  7593 | D:7      | Noticed Dowan
  7595 | D:7      | Killed Dowan
  7596 | D:7      | Noticed Duvessa
  7864 | D:7      | Noticed a hornet
  7870 | D:7      | Killed a hornet
  7871 | D:7      | Reached skill level 5 in Earth Magic
  7952 | D:7      | Noticed a troll
  7964 | D:7      | Killed a troll
  7965 | D:7      | Gained mutation: You have sharp fingernails. [demonic
                  | ancestry]
  7965 | D:7      | Reached XP level 9. HP: 30/71 MP: 3/15
  8033 | D:7      | Identified the +9 flail of the Twisting Messenger {vorpal,
                  | rElec rF+ Will+}
  8082 | D:7      | Reached skill level 5 in Conjurations
  8253 | D:7      | Noticed a cyclops
  8260 | D:7      | Slain by a cyclops

Illustrated notes

Levels and vault maps discovered:
D:1:      dpeg_arrival_boxorama, layout_basic, serial_glass, glass_columns_a,
          glass_columns_b
D:2:      layout_basic, serial_corexii_hall, corexii_hall_statues_x,
          chequers_hall_statues_wall_a, minmay_fountain_box
D:3:      minmay_roachtagon, layout_rooms, nicolae_ecumenical_lake_church,
          chequers_serial_rivers_micro_a, minmay_fractal_squares_5
D:4:      layout_loops_cross, minmay_temple_entry_glass,
          nicolae_ossuary_entry_monument, uniq_ijyb, uniq_crazy_yiuf_cottage,
          uniq_menkaure
D:5:      layout_rooms, serial_bayou, serial_bayou_pond_e, serial_bayou_shore_a,
          serial_bayou_pond_c, serial_bayou_pond_e, serial_bayou_pond_a,
          serial_bayou_pond_a
D:6:      layout_basic
D:7:      minmay_cornered_nines, layout_basic, xom_shifter_show,
          grunt_decor_resistance, kennysheep_generic_room_10, uniq_joseph,
          uniq_pikel, uniq_prince_ribbit1, uniq_duvessa
Temple:   grunt_wide_crystal_templ

Skill      XL: |  1  2  3  4  5  6  7  8  9 |
---------------+----------------------------+-----
Transmutations | 1 |  1.0
Fighting       | 1 2 3 4 5 6 |  6.7
Earth Magic    | 3 4 5 |  5.2
Armour         | 1 2 3 4 |  4.7
Spellcasting   | 3 4 |  4.7
Conjurations   | 1 3 4 5 |  5.3
Dodging        | |  1.7
Stealth        | |  1.7

Action                   |  1- 3 |  4- 6 |  7- 9 || total
-------------------------+-------+-------+-------++-------
Melee: Hand axe          |    85 |       |       ||    85
       Unarmed           |    11 |       |       ||    11
       Short sword       |    20 |   111 |   162 ||   293
       Punch             |     1 |     5 |     1 ||     7
       Flail             |       |       |    10 ||    10
 Cast: Sandblast         |    21 |    50 |    56 ||   127
       Stone Arrow       |       |       |    16 ||    16
  Use: Scroll            |       |     5 |     4 ||     9
 Stab: Sleeping          |     6 |     7 |       ||    13
Armor: Robe              |    51 |    18 |       ||    69
       Leather armour    |       |    23 |    74 ||    97
Dodge: Dodged            |   106 |    99 |   179 ||   384
